 Dungeon Crawl Stone Soup version 0.28.0-53-g5a82cb258f (webtiles) character file.

Game seed: 11111395675151118371

11660 jjjjhere the Nimble (level 12, -3/77 HPs)
             Began as a Kobold Brigand on Aug 26, 2022.
             Was an Elder of Makhleb.
             Slain by a swamp worm (19 damage)
             ... on level 2 of the Lair of Beasts.
             The game lasted 00:15:38 (12887 turns).

jjjjhere the Nimble (Kobold Brigand)               Turns: 12887, Time: 00:15:39

Health: -3/77      AC: 13    Str: 12    XL:     12   Next: 10%
Magic:  0/19       EV: 20    Int: 14    God:    Makhleb [****..]
Gold:   620        SH:  0    Dex: 16    Spells: 11/11 levels left

rFire   . . .      SeeInvis .   h - +3 dagger (venom)
rCold   . . .      Faith    .   (no shield)
rNeg    + . .      Spirit   +   o - +5 scale mail {rN+}
rPois   .          Reflect  .   (no helmet)
rElec   .          Harm     .   w - scarf {shadows}
rCorr   .          Rampage  .   (no gloves)
Will    .....                   I - +0 pair of boots
Stlth   ++++......              C - amulet of guardian spirit
HPRegen 0.22/turn               r - +4 ring of evasion
MPRegen 0.16/turn               (no ring)

@: about to teleport
A: small, no large weapons, nightstalker 3
a: Renounce Religion, Minor Destruction, Lesser Servant of Makhleb, Major
Destruction


You were on level 2 of the Lair of Beasts.
You worshipped Makhleb.
Makhleb was greatly pleased with you.
You visited 2 branches of the dungeon, and saw 10 of its levels.
You also visited: Sewer.

You collected 620 gold pieces.

Inventory:

Hand Weapons
 a - a +2 vorpal dagger
 h - a +3 dagger of venom (weapon)
Missiles
 d - 12 poisoned darts (quivered)
 e - 2 curare-tipped darts
 f - 5 boomerangs
 z - 12 boomerangs of dispersal
 D - 2 throwing nets
Armour
 b - a +0 robe
 c - a +0 cloak
 o - a +5 scale mail of positive energy (worn)
 w - a scarf of shadows (worn)
 I - a +0 pair of boots (worn)
Jewellery
 n - a ring of ice
 r - a +4 ring of evasion (left hand)
 C - an amulet of guardian spirit (around neck)
 G - a ring of wizardry
 L - a ring of fire
Wands
 l - a wand of polymorph (6)
 v - a wand of iceblast (24)
 J - a wand of mindburst (4)
Scrolls
 i - 2 scrolls of amnesia {unknown}
 m - 4 scrolls of immolation
 u - 2 scrolls of fog
 y - a scroll of silence {unknown}
 A - a scroll of enchant armour
 E - a scroll of enchant weapon
 F - a scroll of magic mapping {unknown}
Potions
 g - a potion of flight
 j - 3 potions of cancellation
 k - 3 potions of invisibility {unknown}
 p - 2 potions of resistance
 q - a potion of curing
 s - a potion of heal wounds {unknown}
 B - 3 potions of magic
 H - a potion of might {unknown}
 K - a potion of ambrosia {unknown}


   Skills:
 + Level 9.9 Fighting
 - Level 7.1 Short Blades
 - Level 2.1 Throwing
 - Level 4.2 Armour
 + Level 12.1 Dodging
 - Level 8.0 Stealth
 + Level 10.5 Invocations


You had 11 spell levels left.
You didn't know any spells.
Your spell library contained the following spells:

 Spells                   Type           Power      Damage    Failure   Level
 Animate Skeleton         Necr           0%         N/A       80%         1
 Apportation              Tloc           0%         N/A       80%         1
 Pain                     Necr           0%         1d4       80%         1
 Slow                     Hex            0%         N/A       80%         1
 Summon Small Mammal      Summ           0%         N/A       80%         1
 Sublimation of Blood     Necr           0%         N/A       90%         2
 Confusing Touch          Hex            0%         N/A       99%         3
 Dazzling Flash           Conj/Hex       0%         N/A       99%         3
 Vampiric Draining        Necr           0%         2d6       99%         3
 Iskenderun's Mystic Bla  Conj/Tloc      0%         2d3       100%        4
 Petrify                  Tmut/Erth      0%         N/A       100%        4
 Irradiate                Conj/Tmut      0%         3d13      100%        5
 Starburst                Conj/Fire      0%         6d3       100%        6


Dungeon Overview and Level Annotations

Branches:
Dungeon (8/15)             Temple (0/1) D:7            Lair (2/6) D:8
  Swamp (0/4) Lair:2        Sewer (visited)
  Snake: Lair:2-4    Spider: Lair:2-4

Altars:
Makhleb
Okawaru

Annotations:
D:2 1 runed translucent door, Crazy Yiuf, Sigmund
D:7 Harold
Lair:1 exclusion: oklob plant


Innate Abilities, Weirdness & Mutations

You are small and have problems with some larger weapons.
You are completely attuned to the shadows.


Message History

You hit the swamp worm but do no damage.
The swamp worm is poisoned.
Your punch misses the swamp worm. The swamp worm bites you!
The swamp worm fires a harpoon shot at you.
The harpoon shot hits you!!
You are yanked forward by the harpoon shot.
Splash!
You hear an angry hiss.
Unknown command.
The swamp worm misses you. The swamp worm barely misses you.
The swamp worm fires a harpoon shot at you.
The harpoon shot hits you but does no damage.
The swamp worm fires a harpoon shot at you.
The harpoon shot hits you!
You are yanked forward by the harpoon shot.
Splash!
You fall into the shallow water.
Moving in this stuff is going to be slow.
The swamp worm misses you.
Unknown command.
The swamp worm fires a harpoon shot at you.
The harpoon shot hits you!
* * * LOW HITPOINT WARNING * * *
You are yanked forward by the harpoon shot.
The swamp worm misses you.
The swamp worm fires a harpoon shot at you.
The harpoon shot hits you!
* * * LOW HITPOINT WARNING * * *
You are yanked forward by the harpoon shot.
The swamp worm bites you!
* * * LOW HITPOINT WARNING * * *
Unknown command.
You feel better.
The swamp worm bites you but does no damage. x2
The swamp worm bites you.
* * * LOW HITPOINT WARNING * * *
As you read the scroll of teleportation, it crumbles to dust.
You feel strangely unstable. The swamp worm misses you.
The swamp worm closely misses you. The swamp worm barely misses you.
You feel better. The swamp worm bites you!!
You die...

## ### #.##.### #.....##
♣@♣♣..P# ♣♣♣ww♣♣.##
############♣§§§§♣♣.###
##.##.##..#..♣♣§§§♣♣....
.............♣♣§§§≈♣....
#.##.........♣♣≈♣♣♣♣...#
#.P#>.....##♣# ♣♣♣♣.....
...'.....#.###♣#......#.
..##....##....##........


You could see 2 swamp worms.

Vanquished Creatures
  3 cane toads
  A komodo dragon (Lair:1)
  A tyrant leech (Lair:2)
  A polar bear (Lair:1)
  3 blink frogs
  2 wyverns
  27 yaks
  Duvessa (D:6)
  8 water moccasins
  An ice beast (D:7)
  A sky beast (D:7)
  An orc warrior (D:7)
  A necrophage (D:7)
  2 centaurs
  An ogre (D:5)
  A phantom (D:5)
  Blork the orc (D:4)
  5 bullfrogs
  A wyvern zombie (D:8)
  3 scorpions
  A gnoll sergeant (D:8)
  A water moccasin zombie (D:6)
  A water moccasin skeleton (D:7)
  Dowan (D:6)
  3 howler monkeys
  4 hounds
  2 jellies (D:4)
  2 orc priests (D:6)
  A centaur skeleton (D:5)
  Terence (D:1)
  3 iguanas
  5 orc wizards
  A howler monkey zombie (D:7)
  4 adders
  7 gnolls
  2 ufetubi
  A dart slug (D:1)
  4 worms
  31 orcs
  6 ball pythons
  7 bats
  14 endoplasms
  3 giant cockroaches
  2 goblins
  A hobgoblin (D:3)
  6 jackals
  4 quokkas
  4 frilled lizards
  19 kobolds
  7 rats
213 creatures vanquished.

Vanquished Creatures (collateral kills)
  Gastronok (D:8)
  A torpor snail (Lair:2)
  A cane toad (Lair:2)
  A wyvern (D:8)
  A basilisk (D:8)
  Edmund (D:6)
  A water moccasin (D:8)
  A gnoll (D:8)
8 creatures vanquished.

Vanquished Creatures (others)
  4 bushes
  16 fungi
  26 plants
  11 toadstools (D:4)
57 creatures vanquished.

Grand Total: 278 creatures vanquished

Notes
Turn   | Place    | Note
-------+----------+-------------------------------------------
     0 | D:1      | jjjjhere the Kobold Brigand began the quest for the Orb.
     0 | D:1      | Reached XP level 1. HP: 12/12 MP: 1/1
   137 | D:1      | Reached XP level 2. HP: 17/17 MP: 2/2
   474 | D:1      | Noticed a shining eye
   475 | D:1      | Found a faded altar of an unknown god.
   475 | D:1      | Noticed a shining eye
   479 | D:1      | Noticed a great orb of eyes
   479 | D:1      | Noticed a shining eye
   486 | D:1      | Prayed at the altar of an unknown god.
   486 | D:1      | Became a worshipper of Makhleb the Destroyer
   486 | D:1      | Reached * piety under Makhleb
   936 | D:1      | Reached XP level 3. HP: 21/21 MP: 3/3
  1178 | D:2      | Found a runed translucent door.
  1181 | D:2      | Noticed Crazy Yiuf
  1436 | D:2      | Noticed Terence
  1436 | D:2      | Noticed Sigmund
  1482 | D:1      | Killed Terence
  1483 | D:1      | Reached XP level 4. HP: 9/26 MP: 4/4
  2232 | D:3      | Reached ** piety under Makhleb
  2396 | D:3      | Found an iron altar of Okawaru.
  2597 | D:3      | Reached skill level 5 in Short Blades
  2597 | D:3      | Reached XP level 5. HP: 30/30 MP: 5/5
  3222 | D:4      | Noticed Blork the orc
  3226 | D:4      | Killed Blork the orc
  3227 | D:4      | Reached XP level 6. HP: 35/35 MP: 6/6
  3598 | D:4      | Reached skill level 2 in Dodging
  3673 | D:4      | Reached skill level 1 in Armour
  3697 | D:4      | Reached *** piety under Makhleb
  3775 | D:3      | Reached XP level 7. HP: 20/40 MP: 7/7
  4562 | D:5      | Entered Level 5 of the Dungeon
  4635 | D:5      | Reached skill level 3 in Dodging
  4878 | D:5      | Noticed a water moccasin
  4880 | D:5      | Killed a water moccasin
  4881 | D:5      | Reached skill level 4 in Dodging
  4881 | D:5      | Reached skill level 1 in Invocations
  4881 | D:5      | Reached XP level 8. HP: 45/45 MP: 8/8
  5563 | D:5      | Reached skill level 5 in Dodging
  5866 | D:6      | Found a glowing drain.
  5873 | Sewer    | Entered a sewer
  5883 | Sewer    | Reached **** piety under Makhleb
  6122 | D:6      | Noticed Duvessa
  6123 | D:6      | Noticed Dowan
  6137 | D:6      | Killed Duvessa
  6138 | D:6      | Reached skill level 6 in Dodging
  6138 | D:6      | Reached XP level 9. HP: 49/49 MP: 10/12
  6150 | D:6      | Killed Dowan
  6332 | D:6      | Noticed Edmund
  6345 | D:6      | Killed Edmund
  7208 | D:7      | Found a staircase to the Ecumenical Temple.
  7241 | D:7      | Reached skill level 7 in Dodging
  7241 | D:7      | Reached skill level 5 in Invocations
  8080 | D:7      | Noticed Harold
  8583 | D:8      | Reached skill level 8 in Dodging
  8603 | D:8      | Reached skill level 5 in Fighting
  8620 | D:8      | Reached XP level 10. HP: 59/59 MP: 12/14
  8792 | D:8      | Reached skill level 9 in Dodging
  9004 | D:8      | Found a staircase to the Lair.
  9360 | D:8      | Noticed Gastronok
  9373 | D:8      | Killed Gastronok
  9374 | D:8      | Reached skill level 10 in Dodging
  9374 | D:8      | Reached XP level 11. HP: 55/68 MP: 15/17
 10093 | Lair:1   | Entered Level 1 of the Lair of Beasts
 10785 | Lair:1   | Reached skill level 11 in Dodging
 11052 | Lair:1   | Noticed an oklob plant
 11760 | Lair:1   | Reached skill level 10 in Invocations
 12157 | Lair:2   | Reached XP level 12. HP: 51/77 MP: 14/19
 12294 | Lair:2   | HP: 24/77 [poisoned by a cane toad]
 12320 | Lair:2   | HP: 14/77 [cane toad (11)]
 12328 | Lair:2   | HP: 13/115 [cane toad (10)]
 12335 | Lair:2   | Reached skill level 12 in Dodging
 12876 | Lair:2   | Found a staircase to the Swamp.
 12883 | Lair:2   | HP: 21/77 [swamp worm/harpoon shot (14)]
 12884 | Lair:2   | HP: 5/77 [swamp worm (7)]
 12887 | Lair:2   | Slain by a swamp worm

Illustrated notes

Levels and vault maps discovered:
D:1:      dpeg_arrival_chambers_temple_mockup, layout_basic,
          hellmonk_ecumenical_altar_watching_god
D:2:      layout_basic, uniq_terence, uniq_crazy_yiuf_cottage, uniq_sigmund
D:3:      layout_loops_ring, okawaru_metal_pillars_1_2
D:4:      cheibrodos_fertilizer, layout_cave_pools, minmay_misc_feat_tower,
          uniq_blork_the_orc
D:5:      layout_basic
D:6:      layout_basic, cheibrodos_sewer_entry_drain, minmay_unpleasant_kobolds,
          uniq_duvessa, uniq_edmund
D:7:      layout_loops_ring, minmay_temple_entry_large_hall, nrook_uturn,
          kb_lookout_dungeons_type, hangedman_decor_diamond_cutter, uniq_harold
D:8:      layout_basic, minmay_lair_entry_grove, uniq_gastronok
Lair:1:   minmay_lair_oklob_chamber, layout_gridlike,
          hangedman_lair_generics_rect
Lair:2:   layout_regular_city, minmay_swamp_entry_worms, gauntlet_entry_generic,
          grunt_megastairs_1, infiniplex_staircase_pool_2

Skill      XL: |  1  2  3  4  5  6  7  8  9 10 11 12 |
---------------+-------------------------------------+-----
Short Blades   | 3 4 5 6 7 |  7.1
Stealth        | 6 7 8 |  8.0
Dodging        | 2 4 6 8 10 11 12 | 12.1
Armour         | 1 2 3 4 |  4.2
Invocations    | 1 4 6 8 10 | 10.5
Fighting       | 5 7 9 |  9.9
Throwing       | |  2.1

Action                   |  1- 3 |  4- 6 |  7- 9 | 10-12 || total
-------------------------+-------+-------+-------+-------++-------
Melee: Dagger            |    56 |   130 |   226 |   450 ||   862
       Punch             |       |     1 |     2 |    12 ||    15
Throw: Dart              |       |       |     2 |       ||     2
Invok: Minor Destruction |       |       |    21 |       ||    21
       Lesser Servant of |       |       |     4 |    11 ||    15
  Use: Scroll            |       |       |    14 |     2 ||    16
       Potion            |       |       |       |     5 ||     5
 Stab: Sleeping          |    16 |    21 |    30 |    13 ||    80
       Distracted        |       |     2 |     1 |     5 ||     8
Armor: Robe              |     5 |       |       |       ||     5
       Scale mail        |       |    39 |    42 |    65 ||   146
Dodge: Dodged            |    25 |    34 |   135 |   270 ||   464
